 Dungeon Crawl Stone Soup version 0.28.0-43-g3370ac3207 (webtiles) character file.

Game seed: 3219093330033900105

1222 Ablot the Grasshopper (level 8, -2/64 HPs)
             Began as a Gnoll Warper on Mar 3, 2022.
             Slain by a water moccasin zombie (7 damage)
             ... in an ossuary on Mar 4, 2022.
             The game lasted 00:11:51 (6055 turns).

Ablot the Grasshopper (Gnoll Warper)                Turns: 6055, Time: 00:11:52

Health: -2/64      AC:  4    Str: 13    XL:     8   Next: 47%
Magic:  17/17      EV: 13    Int: 12    God:
Gold:   146        SH:  0    Dex: 12    Spells: 15/19 levels left

rFire   . . .      SeeInvis .   f - +2 short sword (speed)
rCold   . . .      Faith    .   (no shield)
rNeg    . . .      Spirit   .   b - +0 leather armour
rPois   .          Reflect  .   v - +0 helmet
rElec   .          Harm     .   (no cloak)
rCorr   .          Rampage  .   (no gloves)
Will    .....                   (no boots)
Stlth   ++........              s - amulet of the acrobat
HPRegen 0.20/turn               (no ring)
MPRegen 0.15/turn               (no ring)

@: no status effects
A: fangs 1, strong nose, distributed training
a: no special abilities


You were in an ossuary.
You visited 1 branch of the dungeon, and saw 5 of its levels.
You also visited: Ossuary.

You collected 194 gold pieces.
You spent 48 gold pieces at shops.

Inventory:

Hand Weapons
 a - a +0 hunting sling
 f - a +2 short sword of speed (weapon)
 g - a +0 hand crossbow
 l - a +0 trident
Missiles
 d - 5 boomerangs of dispersal
 e - 187 stones
 n - 27 sling bullets
 q - 19 poisoned darts (quivered)
 w - 12 bolts
Armour
 b - a +0 leather armour (worn)
 v - a +0 helmet (worn)
Jewellery
 r - a ring of fire
 s - an amulet of the acrobat (around neck)
Scrolls
 c - a scroll of blinking
 h - 3 scrolls of fog
 i - 2 scrolls of enchant weapon
 k - a scroll of vulnerability
 o - a scroll of immolation {unknown}
 t - a scroll of teleportation {unknown}
 u - a scroll of amnesia {unknown}
Potions
 j - a potion of magic {unknown}
 m - 2 potions of attraction
 p - a potion of lignification {unknown}


   Skills:
 + Level 5.7 Fighting
 + Level 5.7 Short Blades
 + Level 3.3 Long Blades
 + Level 3.3 Axes
 + Level 3.3 Maces & Flails
 + Level 3.3 Polearms
 + Level 3.3 Staves
 + Level 3.3 Slings
 + Level 3.3 Bows
 + Level 3.3 Crossbows
 + Level 4.2 Throwing
 + Level 4.2 Armour
 + Level 5.7 Dodging
 + Level 3.3 Stealth
 + Level 3.3 Shields
 + Level 3.3 Unarmed Combat
 + Level 6.0 Spellcasting
 + Level 2.6 Conjurations
 + Level 2.6 Hexes
 + Level 2.6 Summonings
 + Level 2.6 Necromancy
 + Level 6.1 Translocations
 + Level 2.6 Transmutations
 + Level 2.6 Fire Magic
 + Level 2.6 Ice Magic
 + Level 2.6 Air Magic
 + Level 2.6 Earth Magic
 + Level 2.6 Poison Magic
 + Level 3.6 Invocations
 + Level 3.3 Evocations


You had 15 spell levels left.
You knew the following spells:

 Your Spells              Type           Power      Damage    Failure   Level
a - Blink                 Tloc           36%        N/A       2%          2
b - Poisonous Vapours     Pois/Air       20%        N/A       11%         2

Your spell library contained the following spells:

 Spells                   Type           Power      Damage    Failure   Level
 Gell's Gravitas          Tloc           18%        N/A       5%          3
 Lesser Beckoning         Tloc           18%        N/A       5%          3
 Teleport Other           Tloc           18%        N/A       5%          3
 Magic Dart               Conj           40%        1d5       8%          1
 Corpse Rot               Necr/Air       20%        N/A       11%         2
 Searing Ray              Conj           20%        2d5       11%         2
 Manifold Assault         Tloc           18%        N/A       43%         5
 Fulminant Prism          Conj/Hex       5%         3d7       58%         4


Dungeon Overview and Level Annotations

Branches:
Dungeon (5/15)            Ossuary (1/1)
 Temple: D:4-7

Altars:

Shops:
D:1 [   D:2 *


Innate Abilities, Weirdness & Mutations

You have very sharp teeth.
Your uncanny sense of smell can sniff out nearby items.
Your experience applies equally to all skills.


Message History

* * * LOW HITPOINT WARNING * * *
The water moccasin zombie barely misses you.
You barely miss the adder zombie.
The adder zombie is moderately damaged.
You hit the adder zombie.
The adder zombie is moderately damaged.
The adder zombie closely misses you.
The water moccasin zombie bites you but does no damage.
You hit the adder zombie.
The adder zombie is heavily damaged.
The adder zombie closely misses you. The water moccasin zombie bites you.
* * * LOW HITPOINT WARNING * * *
You hit the adder zombie.
The adder zombie is severely damaged.
You hit the adder zombie.
The adder zombie is almost destroyed.
The water moccasin zombie barely misses you.
The adder zombie bites you.
* * * LOW HITPOINT WARNING * * *
You hit the adder zombie.
You destroy the adder zombie!
The water moccasin zombie barely misses you.
You hit the water moccasin zombie.
The water moccasin zombie is moderately damaged.
You hit the water moccasin zombie.
The water moccasin zombie is moderately damaged.
The water moccasin zombie closely misses you.
You hit the water moccasin zombie.
Your bite misses the water moccasin zombie.
The water moccasin zombie is heavily damaged.
The adder zombie bites you.
* * * LOW HITPOINT WARNING * * *
The water moccasin zombie misses you.
You closely miss the water moccasin zombie.
The water moccasin zombie is heavily damaged.
The adder zombie bites you but does no damage.
You closely miss the water moccasin zombie.
The water moccasin zombie is heavily damaged.
The water moccasin zombie bites you!
You die...

####### ###
#####
..#...#!!!!#
#...#
..'.∩.#!((!+
+...#
..#...#!!!!#
#...#
..##### ###
#Z..# ..#
#ZZ.# #'#
#@### ..#
#...# ..#
#...# ..#
#...# ..#
#...# #'#
###'# ..#
#...# ..#
#...# ..#
#...#


You could see an adder zombie, a water moccasin zombie and a kobold zombie.

Vanquished Creatures
  Sigmund (D:2)
  A sky beast (D:5)
  A black bear (D:4)
  An ogre (D:4)
  A necrophage (D:3)
  A kobold brigand (D:5)
  A scorpion (D:5)
  A bullfrog (D:4)
  2 water moccasin zombies (Ossuary)
  2 hounds (D:5)
  An orc priest (D:3)
  3 orc wizards
  Robin (D:4)
  6 adders
  5 adder zombies (Ossuary)
  2 dart slugs
  12 orcs
  4 ball pythons
  8 bats
  4 endoplasms
  5 giant cockroaches
  3 gnoll zombies (Ossuary)
  13 goblins
  10 hobgoblins
  2 jackals (D:1)
  2 quokkas
  3 frilled lizards
  2 hobgoblin zombies (Ossuary)
  30 kobolds
  7 kobold zombies (Ossuary)
  9 orc zombies (Ossuary)
  5 rats
149 creatures vanquished.

Vanquished Creatures (others)
  7 plants (D:5)
7 creatures vanquished.

Grand Total: 156 creatures vanquished

Notes
Turn   | Place    | Note
-------+----------+-------------------------------------------
     0 | D:1      | Ablot the Gnoll Warper began the quest for the Orb.
     0 | D:1      | Reached XP level 1. HP: 20/20 MP: 6/6
    71 | D:1      | Found Yreliosh's Antique Armour Emporium.
   234 | D:1      | Reached XP level 2. HP: 26/26 MP: 7/7
   263 | D:1      | Learned a level 2 spell: Blink
   430 | D:1      | Found a faded altar of an unknown god.
   713 | D:1      | Reached XP level 3. HP: 26/31 MP: 9/9
   895 | D:1      | Reached skill level 5 in Spellcasting
  1312 | D:2      | Reached skill level 1 in Invocations
  1605 | D:2      | Found Noppenec's Assorted Antiques.
  1613 | D:2      | Bought a scroll labelled CYKIONO JYCHY for 24 gold pieces
  1613 | D:2      | Bought a scroll labelled CYKIONO JYCHY for 24 gold pieces
  1792 | D:2      | Noticed Sigmund
  1826 | D:2      | Killed Sigmund
  1827 | D:2      | Reached skill level 1 in Long Blades
  1827 | D:2      | Reached skill level 1 in Axes
  1827 | D:2      | Reached skill level 1 in Maces & Flails
  1827 | D:2      | Reached skill level 1 in Polearms
  1827 | D:2      | Reached skill level 1 in Staves
  1827 | D:2      | Reached skill level 1 in Slings
  1827 | D:2      | Reached skill level 1 in Bows
  1827 | D:2      | Reached skill level 1 in Crossbows
  1827 | D:2      | Reached skill level 1 in Stealth
  1827 | D:2      | Reached skill level 1 in Shields
  1827 | D:2      | Reached skill level 1 in Unarmed Combat
  1827 | D:2      | Reached skill level 1 in Conjurations
  1827 | D:2      | Reached skill level 1 in Hexes
  1827 | D:2      | Reached skill level 1 in Summonings
  1827 | D:2      | Reached skill level 1 in Necromancy
  1827 | D:2      | Reached skill level 1 in Transmutations
  1827 | D:2      | Reached skill level 1 in Fire Magic
  1827 | D:2      | Reached skill level 1 in Ice Magic
  1827 | D:2      | Reached skill level 1 in Air Magic
  1827 | D:2      | Reached skill level 1 in Earth Magic
  1827 | D:2      | Reached skill level 1 in Poison Magic
  1827 | D:2      | Reached skill level 1 in Evocations
  1827 | D:2      | Reached XP level 4. HP: 17/38 MP: 11/11
  1827 | D:2      | Reached XP level 5. HP: 20/43 MP: 12/12
  2608 | D:2      | Learned a level 2 spell: Poisonous Vapours
  2927 | D:3      | Reached XP level 6. HP: 50/50 MP: 13/13
  3191 | D:3      | Reached skill level 5 in Fighting
  3191 | D:3      | Reached skill level 5 in Short Blades
  3191 | D:3      | Reached skill level 5 in Dodging
  3572 | D:3      | Noticed a necrophage
  3584 | D:3      | Killed a necrophage
  3585 | D:3      | Reached XP level 7. HP: 52/56 MP: 15/15
  4129 | D:4      | Noticed Robin
  4401 | D:4      | Killed Robin
  5205 | D:5      | Entered Level 5 of the Dungeon
  5259 | D:5      | Reached XP level 8. HP: 39/63 MP: 16/16
  5761 | D:5      | Found a sand-covered staircase.
  5768 | Ossuary  | Entered an ossuary
  6055 | Ossuary  | Slain by a water moccasin zombie

Illustrated notes

Levels and vault maps discovered:
D:1:      sevenhm_arrival_forest_fort_large_2, layout_loops_ring,
          hellmonk_ecumenical_altar_crossroads, serial_shops, shop
D:2:      layout_basic, serial_shops, shop, uniq_sigmund
D:3:      layout_basic
D:4:      layout_gridville, uniq_robin
D:5:      kennysheep_kobold_camp, layout_loops_corners,
          mainiacjoe_overflow_paths, nicolae_ossuary_entry_plus,
          cheibrodos_sewer_entry_bend
Ossuary:  ossuary_tomb_2

Skill      XL: |  1  2  3  4  5  6  7  8 |
---------------+-------------------------+-----
Spellcasting   | 5 6 |  6.0
Invocations    | 1 2 3 |  3.6
Long Blades    | 1 2 3 |  3.3
Axes           | 1 2 3 |  3.3
Maces & Flails | 1 2 3 |  3.3
Polearms       | 1 2 3 |  3.3
Staves         | 1 2 3 |  3.3
Slings         | 1 2 3 |  3.3
Bows           | 1 2 3 |  3.3
Crossbows      | 1 2 3 |  3.3
Throwing       | 3 4 |  4.2
Armour         | 3 4 |  4.2
Stealth        | 1 2 3 |  3.3
Shields        | 1 2 3 |  3.3
Unarmed Combat | 1 2 3 |  3.3
Conjurations   | 1 2 |  2.6
Hexes          | 1 2 |  2.6
Summonings     | 1 2 |  2.6
Necromancy     | 1 2 |  2.6
Transmutations | 1 2 |  2.6
Fire Magic     | 1 2 |  2.6
Ice Magic      | 1 2 |  2.6
Air Magic      | 1 2 |  2.6
Earth Magic    | 1 2 |  2.6
Poison Magic   | 1 2 |  2.6
Evocations     | 1 2 3 |  3.3
Fighting       | 5 |  5.7
Short Blades   | 5 |  5.7
Dodging        | 5 |  5.7
Translocations | 6 |  6.1

Action                   |  1- 3 |  4- 6 |  7- 9 || total
-------------------------+-------+-------+-------++-------
Melee: Short sword       |   115 |   110 |   401 ||   626
       Bite              |     4 |    12 |    45 ||    61
       Punch             |       |     6 |    15 ||    21
Throw: Stone             |     1 |     4 |    11 ||    16
 Cast: Poisonous Vapours |       |       |     3 ||     3
       Blink             |       |       |     1 ||     1
  Use: Scroll            |       |       |     4 ||     4
 Stab: Sleeping          |     1 |     2 |     4 ||     7
Armor: Leather armour    |    18 |    15 |    41 ||    74
Dodge: Dodged            |    54 |    43 |   198 ||   295
